 Dungeon Crawl Stone Soup version 0.31-a0-1008-g5b978dac0e (webtiles) character file.

Game seed: 12311675692729202431

(classic levelgen) 1108 Amnesiac the Thaumaturge (level 8, -7/50 HPs)
             Began as a Djinni Conjurer on Nov 12, 2023.
             Mangled by a boulder beetle (25 damage)
             ... on level 8 of the Dungeon.
             The game lasted 00:07:06 (2555 turns).

Amnesiac the Thaumaturge (Djinni Conjurer)          Turns: 2555, Time: 00:07:07

Health: -7/50      AC:  3    Str:  6    XL:     8   Next: 59%
Gold:   181        EV: 12    Int: 23    God:
                   SH:  0    Dex: 17

rFire   + + .        l - +1 dagger (venom)
rCold   x . .        (no shield)
rNeg    . . .        a - +0 robe
rPois   ∞            (no helmet)
rElec   .            (no cloak)
rCorr   .            e - +0 pair of gloves
SInv    .            (boots unavailable)
Will    .....        (no amulet)
Stlth   ++           c - +6 ring of dexterity
HPRegen 0.28/turn    (no ring)
MPRegen 0.00/turn

%: infuse magic (-8 HP)
@: flying
A: sickness immunity, fire resistance 2, cold vulnerability 1, float, innate
caster, HP casting, extra vitality 1
a: no special abilities


You were on level 8 of the Dungeon.
You visited 1 branch of the dungeon, and saw 7 of its levels.

You collected 181 gold pieces.

Inventory:

Hand Weapons
 l - a +1 dagger of venom (weapon)
Armour
 a - a +0 robe (worn)
 e - a +0 pair of gloves (worn)
 j - the +3 ring mail of the Northern Lights {Int+6}
   (You found it on level 5 of the Dungeon)

   Int+6:     It affects your intelligence (+6).
Jewellery
 c - a +6 ring of dexterity (left hand)
Wands
 k - a wand of flame (11)
Scrolls
 b - a scroll of enchant weapon {!r, unknown}
 f - a scroll of fear {!r, unknown}
 i - 4 scrolls of identify {!r, unknown}
Potions
 d - a potion of resistance {!q, unknown}
 g - a potion of ambrosia {!q, unknown}
 h - a potion of brilliance {!q, unknown}


   Skills:
 - Level 2.1 Dodging
 - Level 1.5 Stealth
 + Level 8.0 Spellcasting
 + Level 8.0 Conjurations
 + Level 8.0 Hexes
   Level 0.0 Charms
 + Level 8.0 Summonings
 + Level 8.0 Necromancy
 + Level 8.0 Translocations
 + Level 8.0 Transmutations
 + Level 8.0 Fire Magic
 + Level 8.0 Ice Magic
 + Level 8.0 Air Magic
 + Level 8.0 Earth Magic
 + Level 8.0 Poison Magic


You knew the following spells:

 Your Spells              Type           Power      Damage    Failure   Level
a - Magic Dart            Conj           100%       1d8       1%          1
b - Iskenderun's Mystic   Conj/Tloc      46%        2d10      2%          4
c - Fulminant Prism       Conj/Hex       23%        3d12      2%          4
d - Dazzling Flash        Conj/Hex       92%        N/A       1%          3
e - Searing Ray           Conj           92%        2d7       1%          2
f - Kiss of Death         Conj/Necr      100%       2d13      1%          1
g - Lesser Beckoning      Tloc           92%        N/A       1%          2
h - Vampiric Draining     Necr           46%        2d9       1%          3
Your spell library was empty.

Dungeon Overview and Level Annotations

Branches:
Dungeon (6/15)
 Temple: D:4-7

Altars:
Fedhas
Gozag
Wu Jian

Shops:
D:5 [

Annotations:
D:2 1 runed translucent door, Crazy Yiuf


Innate Abilities, Weirdness & Mutations

You are immune to sickness and miasma.
You are immune to poison.
Your flesh is very heat resistant. (rF++)
You are vulnerable to cold. (rC-)
You float through the air rather than walking.
You learn spells naturally, not from books.
Your magical power is your life essence.
You have superior vitality. (+4 MHP)


Message History

The gnoll sergeant is severely wounded.
A boulder beetle comes into view.
The gnoll sergeant misses you.
Casting: Searing Ray (safe; 1% risk of failure)
Confirm with . or Enter, or press ? or * to list all spells.
Restarting spell: Searing Ray (safe; 1% risk of failure)
Press: ? - help, Shift-Dir - straight line, f/p - gnoll sergeant
Aim: a gnoll sergeant, wielding a +0 spear and wearing a +0 ring mail (severely wounded, 87% to hit)
The searing ray hits the gnoll sergeant.
The gnoll sergeant is almost dead.
The searing ray hits the orc!
You kill the orc! (Press . to maintain the ray.)
The gnoll sergeant completely misses you.
The searing ray hits the gnoll sergeant.
The gnoll sergeant is almost dead.
The searing ray hits the boulder beetle.
The boulder beetle is lightly wounded.
The gnoll sergeant misses you.
The searing ray hits the gnoll sergeant!
You kill the gnoll sergeant!
The searing ray hits the boulder beetle but does no damage.
The boulder beetle is lightly wounded.
The boulder beetle curls into a ball and begins rolling!
Your Spellcasting skill increases to level 8!
Your Conjurations skill increases to level 8!
Your Hexes skill increases to level 8!
Your Summonings skill increases to level 8!
Your Necromancy skill increases to level 8!
Your Translocations skill increases to level 8!
Your Transmutations skill increases to level 8!
Your Fire Magic skill increases to level 8!
Your Ice Magic skill increases to level 8!
Your Air Magic skill increases to level 8!
Your Earth Magic skill increases to level 8!
Your Poison Magic skill increases to level 8!
The boulder beetle attacks as it pursues you!
The boulder beetle closely misses you.
The boulder beetle stops rolling and uncurls.
The boulder beetle bites you!
Casting: Searing Ray (safe; 1% risk of failure)
Confirm with . or Enter, or press ? or * to list all spells.
Okay, then.
A boulder beetle is nearby!
Casting: Searing Ray (safe; 1% risk of failure)
Confirm with . or Enter, or press ? or * to list all spells.
You erupt in a blast of force!
The mystic blast hits the boulder beetle but does no damage.
The boulder beetle is lightly wounded.
* * * LOW HITPOINT WARNING * * *
You hear a shout! x3
The boulder beetle bites you.
* * * LOW HITPOINT WARNING * * *
You hear a shout!
You hear a croak.
Casting: Iskenderun's Mystic Blast (dangerous; 2% risk of failure)
Confirm with . or Enter, or press ? or * to list all spells.
You erupt in a blast of force!
The mystic blast hits the boulder beetle but does no damage.
The boulder beetle is lightly wounded.
* * * LOW HITPOINT WARNING * * *
You hear a shout!
The boulder beetle bites you!!
Ouch! That really hurt!
You die...

##### #.(.# #...#######
##########..........
.......@B....)......
#.#########...#######.#
.......)°B○...........#
######.########...#.#.
... #.....# ♣♣.l
#.....# ♣.♣ #.##### ♣.
#.. .. ###


You could see a boulder beetle.

Vanquished Creatures
  A wyvern (D:8)
  Edmund (D:5)
  An ice beast (D:5)
  A centaur (D:5)
  A gnoll sergeant (D:8)
  A scorpion (D:6)
  A howler monkey (D:4)
  3 jellies
  2 hounds
  2 orc priests (D:5)
  An iguana (D:4)
  A sleepcap (D:5)
  6 orc wizards (D:5)
  4 adders
  A shadow imp (D:6)
  An ufetubus (D:6)
  2 worms
  A dart slug (D:4)
  12 orcs
  2 endoplasms (D:4)
  2 giant cockroaches (D:4)
  4 goblins
  6 hobgoblins
  4 jackals (D:4)
  2 quokkas (D:4)
  2 ball pythons (D:2)
  2 rats
67 creatures vanquished.

Vanquished Creatures (others)
  7 fulminant prisms
7 creatures vanquished.

Grand Total: 74 creatures vanquished

Notes
Turn   | Place    | Note
-------+----------+-------------------------------------------
     0 | D:1      | Amnesiac the Djinni Conjurer began the quest for the Orb.
     0 | D:1      | Amnesiac set off with the following spells memorised: Magic
                  | Dart, Searing Ray, Dazzling Flash, Fulminant Prism,
                  | Iskenderun's Mystic Blast.
     0 | D:1      | Reached XP level 1. HP: 15/15 MP: 0/0
   217 | D:2      | Reached XP level 2. HP: 19/21 MP: 0/0
   235 | D:2      | Found a runed translucent door.
   236 | D:2      | Noticed Crazy Yiuf
   503 | D:3      | Found a blossoming altar of Fedhas.
   504 | D:3      | Found an opulent altar of Gozag.
   529 | D:4      | Noticed a howler monkey
   537 | D:4      | Killed a howler monkey
   538 | D:4      | Reached XP level 3. HP: 15/25 MP: 0/0
   538 | D:4      | Learned a level 1 spell: Kiss of Death
   538 | D:4      | Reached XP level 4. HP: 19/31 MP: 0/0
   614 | D:5      | Entered Level 5 of the Dungeon
   861 | D:4      | Found an ornate altar of the Wu Jian Council.
   900 | D:4      | Reached XP level 5. HP: 30/35 MP: 0/0
   900 | D:4      | Learned a level 2 spell: Lesser Beckoning
   924 | D:4      | Reached skill level 5 in Spellcasting
   924 | D:4      | Reached skill level 5 in Conjurations
   924 | D:4      | Reached skill level 5 in Hexes
   924 | D:4      | Reached skill level 5 in Summonings
   924 | D:4      | Reached skill level 5 in Necromancy
   924 | D:4      | Reached skill level 5 in Translocations
   924 | D:4      | Reached skill level 5 in Transmutations
   924 | D:4      | Reached skill level 5 in Fire Magic
   924 | D:4      | Reached skill level 5 in Ice Magic
   924 | D:4      | Reached skill level 5 in Air Magic
   924 | D:4      | Reached skill level 5 in Earth Magic
   924 | D:4      | Reached skill level 5 in Poison Magic
  1326 | D:5      | Identified the +3 ring mail of the Northern Lights {Int+6}
  1369 | D:5      | Noticed Edmund
  1382 | D:5      | Killed Edmund
  1383 | D:5      | Reached XP level 6. HP: 18/40 MP: 0/0
  1534 | D:5      | Reached XP level 7. HP: 26/41 MP: 0/0
  1534 | D:5      | Learned a level 3 spell: Vampiric Draining
  1637 | D:5      | Found Col Upov's Armour Boutique.
  2072 | D:5      | Reached XP level 8. HP: 36/50 MP: 0/0
  2455 | D:6      | You are sucked into a shaft and drop 2 floors!
  2467 | D:8      | Noticed a wyvern
  2477 | D:8      | Killed a wyvern
  2546 | D:8      | Noticed a boulder beetle
  2555 | D:8      | Mangled by a boulder beetle

Illustrated notes

Levels and vault maps discovered:
D:1:      nzn_arrival_water_spiral, layout_basic,
          nicolae_ecumenical_lake_church, minmay_pentomino_z4
D:2:      layout_loops_ring, chequers_serial_rivers_room_b, item_on_display_b,
          uniq_crazy_yiuf_cottage
D:3:      kennysheep_big_flooded_room, layout_basic,
          nicolae_overflow_crystal_walls, nicolae_overflow_two_pavilions,
          minivault_26
D:4:      layout_gridville, mainiacjoe_overflow_catwalk
D:5:      layout_basic, serial_shops, nicolae_shop_tiny_statue_garden,
          uniq_edmund
D:6:      layout_loops_ring, lightli_corner_chamber, uniq_grinder, uniq_maggie
D:8:      nzn_winding_woodlands_cross [nzn_winding_woodlands_5x15_pool,
          nzn_winding_woodlands_5x15_concentric,
          nzn_winding_woodlands_5x15_parted,
          nzn_winding_woodlands_5x15_split_checker,
          nzn_winding_woodlands_15x15_five_gardens], layout_basic,
          dreamdust_divine_triumvirate

Skill      XL: |  1  2  3  4  5  6  7  8 |
---------------+-------------------------+-----
Spellcasting   | 4 5 6 7 8 |  8.0
Conjurations   | 4 5 6 7 8 |  8.0
Hexes          | 4 5 6 7 8 |  8.0
Summonings     | 4 5 6 7 8 |  8.0
Necromancy     | 4 5 6 7 8 |  8.0
Translocations | 4 5 6 7 8 |  8.0
Transmutations | 4 5 6 7 8 |  8.0
Fire Magic     | 4 5 6 7 8 |  8.0
Ice Magic      | 4 5 6 7 8 |  8.0
Air Magic      | 4 5 6 7 8 |  8.0
Earth Magic    | 4 5 6 7 8 |  8.0
Poison Magic   | 4 5 6 7 8 |  8.0
Dodging        | |  2.1
Stealth        | |  1.5

Action                     |  1- 3 |  4- 6 |  7- 9 || total
---------------------------+-------+-------+-------++-------
  Melee: Dagger            |       |       |     6 ||     6
         Punch             |       |       |     1 ||     1
   Cast: Magic Dart        |    29 |    39 |    14 ||    82
         Searing Ray       |     2 |    12 |    18 ||    32
         Fulminant Prism   |       |     3 |     4 ||     7
         Kiss of Death     |       |     1 |       ||     1
         Iskenderun's Myst |       |       |     6 ||     6
   Stab: Sleeping          |       |       |     1 ||     1
 Armour: Robe              |     6 |     6 |    11 ||    23
  Dodge: Dodged            |     3 |     3 |    10 ||    16

Table legend: (Time is in decaauts)
 A = Elapsed time spent in this place.
 B = Non-inter-level travel time spent in this place.
 C = Inter-level travel time spent in this place.
 D = Time resting spent in this place.
 E = Time spent auto-exploring this place.
 F = Levels seen in this place.
 G = Mean time per level.
                   A        B        C        D        E       F      G
               +--------+--------+--------+--------+--------+-----+--------+
         Total |   2554 |   2426 |    128 |    425 |   1417 |   7 |  364.9 |
       Dungeon |   2554 |   2426 |    128 |    425 |   1417 |   7 |  364.9 |
               +--------+--------+--------+--------+--------+-----+--------+

Top non-repeatable levels by time:
     D:5: 1022 daAuts
     D:4: 926 daAuts
     D:2: 248 daAuts
     D:6: 133 daAuts
     D:8: 99 daAuts
     D:3: 94 daAuts
     D:1: 28 daAuts
